cohdb
Replays
Latest Replays
All Replays
Popular Replays
Top Player Replays
Match Explorer
How It Works
Community
CoH3 Stats
Reddit
Sign in to upload your games and track your stats! →
Sign in with Steam
Match 40799575
Unlisted
Match 40799575
Overview
Messages
Build Orders
End
Royal Engineer Section
Royal Engineer Section
Selects Canadian Shock Battlegroup
Construct Section Command Post
Infantry Section
Infantry Section
Infantry Section
Infantry Section
Construct Platoon Command Post
Selects Attacking Spirit
Selects Canadian Shock Section
Selects Incendiary Munitions
Selects Offensive Resupply
Selects Canadian Shock Section
Infantry Training
Construct Field Infirmary
Selects Pyrotechnics
Wolfe
TestingWarHead
0
0
Comments
sign in to comment!
No comments posted yet!